 Dungeon Crawl Stone Soup version 0.28-a0-938-gbc3f381ebc (webtiles) character file.

Game seed: 11135724420276334002

2188 MacCMillion the Cleaver (level 9, -1/79 HPs)
             Began as a Hill Orc Fighter on Nov 28, 2021.
             Was a Follower of Yredelemnul.
             Slain by a nine-headed hydra (10 damage)
             ... on level 7 of the Dungeon.
             The game lasted 00:19:26 (7481 turns).

MacCMillion the Cleaver (Hill Orc Fighter)          Turns: 7481, Time: 00:19:26

Health: -1/79      AC: 12    Str: 22    XL:     9   Next: 33%
Magic:  12/12      EV: 10    Int:  8    God:    Yredelemnul [*.....]
Gold:   312        SH:  5    Dex: 10    Spells: 8/8 levels left

rFire   . . .      SeeInvis .   p - +4 war axe (venom)
rCold   . . .      Faith    .   c - +0 buckler
rNeg    . . .      Spirit   .   b - +0 scale mail
rPois   +          Reflect  .   (no helmet)
rElec   .          Harm     .   (no cloak)
rCorr   +          Rampage  .   v - +1 pair of gloves
Will    .....                   C - +2 pair of boots
Stlth   ..........              l - amulet of magic regeneration
HPRegen 0.23/turn               n - ring of poison resistance
MPRegen 0.53/turn               w - ring of the Cast Vote {rPois rCorr}

@: no status effects
A: no striking features
a: Renounce Religion, Animate Remains


You were on level 7 of the Dungeon.
You worshipped Yredelemnul.
Yredelemnul was aware of your devotion.
You visited 2 branches of the dungeon, and saw 8 of its levels.
You also visited: Sewer.

You collected 312 gold pieces.

Inventory:

Hand Weapons
 a - a +0 war axe
 p - a +4 war axe of venom (weapon)
 r - a +1 vorpal war axe
Missiles
 t - 4 silver boomerangs (quivered)
 D - a curare-tipped dart
Armour
 b - a +0 scale mail (worn)
 c - a +0 buckler (worn)
 i - a +0 kite shield
 v - a +1 pair of gloves (worn)
 C - a +2 pair of boots (worn)
Jewellery
 l - an amulet of magic regeneration (around neck)
 n - a ring of poison resistance (left hand)
 w - the ring of the Cast Vote (right hand) {rPois rCorr}
   (You found it on level 5 of the Dungeon)

   [ring of poison resistance]

   rPois:     It protects you from poison.
   rCorr:     It protects you from acid and corrosion.
Wands
 m - a wand of digging (8)
 F - a wand of iceblast (5)
Scrolls
 g - a scroll of torment {unknown}
 h - 4 scrolls of noise
 k - 2 scrolls of identify {unknown}
 o - 6 scrolls of teleportation {unknown}
 q - 2 scrolls of fog {unknown}
 s - a scroll of holy word {unknown}
 y - a scroll of summoning {unknown}
 A - a scroll of enchant armour {unknown}
 B - a scroll of brand weapon {unknown}
 E - 4 scrolls of fear {unknown}
Potions
 d - a potion of might
 e - 5 potions of curing {unknown}
 f - 3 potions of heal wounds {unknown}
 j - a potion of ambrosia {unknown}
 u - 3 potions of flight
 z - a potion of cancellation {unknown}


   Skills:
 - Level 7.0 Fighting
 - Level 9.0 Axes
 - Level 5.0 Armour
 - Level 3.0 Dodging
 * Level 7.3 Shields
 - Level 5.0 Invocations


You had 8 spell levels left.
You didn't know any spells.
Your spell library contained the following spells:

 Spells                   Type           Power      Damage    Failure   Level
 Stone Arrow              Conj/Erth      0%         3d7       97%         3
 Summon Guardian Golem    Hex/Summ       0%         N/A       97%         3
 Animate Armour           Summ/Erth      0%         N/A       100%        4
 Orb of Destruction       Conj           0%         N/A       100%        7
 Spellforged Servitor     Conj/Summ      0%         N/A       100%        7
 Lehudib's Crystal Spear  Conj/Erth      0%         10d2      100%        8


Dungeon Overview and Level Annotations

Branches:
Dungeon (7/15)             Temple (1/1) D:4           Sewer (visited)

Altars:
Ashenzari
Cheibriados
Dithmenos
Elyvilon
Fedhas
Hepliaklqana
Kikubaaqudgha
Makhleb
Okawaru
Ru
Vehumet
Xom
Yredelemnul
Zin

Annotations:
D:6 1 runed translucent door, Crazy Yiuf


Message History

The curare-tipped dart hits the eight-headed hydra.
The eight-headed hydra barely misses you.
The eight-headed hydra bites you but does no damage. x2
The eight-headed hydra bites you!
The eight-headed hydra bites you but does no damage. x2
The eight-headed hydra closely misses you.
The eight-headed hydra bites you but does no damage.
You lop one of the eight-headed hydra's heads off!
The seven-headed hydra grows two more!
You slash the nine-headed hydra!
The nine-headed hydra is moderately wounded.
The nine-headed hydra barely misses you.
The nine-headed hydra closely misses you.
The nine-headed hydra barely misses you.
The nine-headed hydra bites you but does no damage.
The nine-headed hydra bites you. x3
The nine-headed hydra bites you but does no damage. x2
You barely miss the nine-headed hydra.
The nine-headed hydra is moderately wounded.
The nine-headed hydra completely misses you.
The nine-headed hydra bites you! The nine-headed hydra bites you.
The nine-headed hydra closely misses you.
The nine-headed hydra bites you but does no damage.
The nine-headed hydra bites you! x2
* * * LOW HITPOINT WARNING * * *
The nine-headed hydra bites you but does no damage. x2
The gnoll closely misses you.
The gnoll shaman calls upon its god to speed up the gnoll.
The gnoll seems to speed up.
The gnoll hits you but does no damage.
The nine-headed hydra bites you but does no damage.
The nine-headed hydra closely misses you. x3
You block the nine-headed hydra's attack.
The nine-headed hydra bites you!
* * * LOW HITPOINT WARNING * * *
The nine-headed hydra bites you.
* * * LOW HITPOINT WARNING * * *
The nine-headed hydra bites you but does no damage.
The nine-headed hydra bites you!
You die...
Your body rises from the dead as a mindless zombie.

# #.........#
########.(.......#
..............(..#
#####...........######
......##.............#
########.........###.#
#.........# #
######.[.......#######.
#
#.............@........
#
#............D#########
# #......#.....g...##
###....).#####.###..#
.........## #g# ##.#
###.......####(## #.#
............)().###.#
###......####....##.###
##########
#..##.##...####


You could see a nine-headed hydra, a gnoll shaman and a gnoll (fast).

Vanquished Creatures
  Grinder (D:5)
  A wyvern (D:7)
  Menkaure (D:5)
  3 ice beasts
  A sky beast (D:5)
  A necrophage (D:5)
  3 centaurs
  A phantom (D:5)
  A bullfrog (D:7)
  2 scorpions
  4 wights (D:6)
  A bullfrog skeleton (D:6)
  A jelly (D:6)
  2 orc priests (D:7)
  5 hounds
  A centaur skeleton (D:4)
  3 orc wizards
  A killer bee zombie (D:7)
  A hound skeleton (D:4)
  2 howler monkey zombies
  6 gnolls
  2 adders
  An adder zombie (D:5)
  5 worms
  2 dart slugs (D:1)
  9 orcs
  10 bats
  12 endoplasms
  5 giant cockroaches
  4 hobgoblins
  10 jackals
  8 kobolds
  4 quokkas
  10 ball pythons
  5 frilled lizards
  5 rats
134 creatures vanquished.

Vanquished Creatures (others)
  An orc zombie (D:7)
  A fungus (D:1)
  A plant (D:1)
3 creatures vanquished.

Grand Total: 137 creatures vanquished

Notes
Turn   | Place    | Note
-------+----------+-------------------------------------------
     0 | D:1      | MacCMillion the Hill Orc Fighter began the quest for the
                  | Orb.
     0 | D:1      | Reached XP level 1. HP: 19/19 MP: 1/1
   219 | D:1      | Reached XP level 2. HP: 27/27 MP: 2/2
   418 | D:1      | Reached skill level 3 in Axes
   821 | D:1      | Reached XP level 3. HP: 33/33 MP: 3/3
   972 | D:1      | Found a faded altar of an unknown god.
  2075 | D:3      | Reached XP level 4. HP: 34/40 MP: 4/4
  3066 | D:4      | Reached skill level 4 in Axes
  3330 | D:4      | Reached XP level 5. HP: 46/47 MP: 5/5
  3364 | D:4      | Found a staircase to the Ecumenical Temple.
  3375 | Temple   | Entered the Ecumenical Temple
  3381 | Temple   | Reached skill level 5 in Fighting
  3444 | Temple   | Became a worshipper of Yredelemnul the Dark
  3542 | D:4      | Noticed a centaur
  3550 | D:4      | Killed a centaur
  3551 | D:4      | Reached skill level 5 in Axes
  3551 | D:4      | Reached skill level 5 in Armour
  3551 | D:4      | Reached XP level 6. HP: 37/56 MP: 6/6
  3816 | D:4      | Reached skill level 1 in Invocations
  3893 | D:5      | Entered Level 5 of the Dungeon
  3938 | D:5      | Identified the ring of the Cast Vote {rPois rCorr}
  4466 | D:5      | Reached skill level 6 in Axes
  4487 | D:5      | Noticed Menkaure
  4501 | D:5      | Killed Menkaure
  4502 | D:5      | Reached XP level 7. HP: 32/61 MP: 8/8
  4832 | D:5      | Reached skill level 7 in Axes
  5005 | D:5      | Noticed Grinder
  5007 | D:5      | Paralysed by Grinder for 2 turns
  5027 | D:5      | Killed Grinder
  5028 | D:5      | Reached skill level 8 in Axes
  5028 | D:5      | Reached XP level 8. HP: 63/71 MP: 9/11
  5264 | D:6      | Found a glowing drain.
  5282 | Sewer    | Entered a sewer
  5471 | Sewer    | Reached * piety under Yredelemnul
  5683 | Sewer    | Reached skill level 9 in Axes
  5939 | D:6      | Reached skill level 5 in Invocations
  5977 | D:6      | Reached skill level 1 in Dodging
  6758 | D:6      | Reached skill level 5 in Shields
  6832 | D:6      | Found a runed translucent door.
  6833 | D:6      | Noticed Crazy Yiuf
  6881 | D:7      | Noticed a wyvern
  6894 | D:7      | Killed a wyvern
  6895 | D:7      | Reached XP level 9. HP: 79/79 MP: 12/12
  7387 | D:7      | Found a snail-covered altar of Cheibriados.
  7388 | D:7      | Found a hazy altar of Hepliaklqana.
  7391 | D:7      | Found a broken altar of Ashenzari.
  7397 | D:7      | Found a sacrificial altar of Ru.
  7404 | D:7      | Found a shimmering altar of Xom.
  7404 | D:7      | Found a glowing silver altar of Zin.
  7407 | D:7      | Found a white marble altar of Elyvilon.
  7433 | D:7      | Noticed an eight-headed hydra
  7481 | D:7      | Slain by a nine-headed hydra

Illustrated notes

Levels and vault maps discovered:
D:1:      matt_arrival_spirals, layout_loops_ring,
          dreamdust_ecumenical_altar_hidden_monk_grotto
D:2:      layout_loops_ring, grunt_decor_one_mirror, minivault_27
D:3:      layout_loops_corners, kennysheep_generic_room_11
D:4:      layout_basic, minmay_temple_entry_waves
D:5:      layout_loops_cross, uniq_grinder, uniq_menkaure
D:6:      layout_cave_pods, cheibrodos_sewer_entry_drain,
          uniq_crazy_yiuf_cottage
D:7:      layout_rooms, minitemple
Temple:   eino_temple_water

Skill      XL: |  1  2  3  4  5  6  7  8  9 |
---------------+----------------------------+-----
Axes           | 3 4 5 6 8 9 |  9.0
Fighting       | 4 5 6 7 |  7.0
Shields        | 4 5 7 |  7.3
Armour         | 4 5 |  5.0
Invocations    | 2 4 5 |  5.0
Dodging        | 2 3 |  3.0

Action                   |  1- 3 |  4- 6 |  7- 9 || total
-------------------------+-------+-------+-------++-------
Melee: War axe           |   138 |    86 |   150 ||   374
Throw: Boomerang         |       |       |     7 ||     7
       Dart              |       |       |     1 ||     1
       Throwing net      |       |       |     1 ||     1
Invok: Animate Remains   |       |       |     1 ||     1
  Use: Potion            |       |     1 |     1 ||     2
Armor: Scale mail        |    54 |    54 |    80 ||   188
       Skin              |       |     1 |       ||     1
Dodge: Dodged            |    63 |    34 |    69 ||   166
Block: Buckler           |    28 |    22 |    33 ||    83

Table legend: (Time is in decaauts)
 A = Elapsed time spent in this place.
 B = Non-inter-level travel time spent in this place.
 C = Inter-level travel time spent in this place.
 D = Time resting spent in this place.
 E = Time spent auto-exploring this place.
 F = Levels seen in this place.
 G = Mean time per level.
                   A        B        C        D        E       F      G
               +--------+--------+--------+--------+--------+-----+--------+
         Total |   7729 |   7467 |    262 |    950 |   5057 |   9 |  858.8 |
       Dungeon |   6916 |   6662 |    254 |    901 |   4617 |   7 |  988.0 |
        Temple |     92 |     84 |      8 |     35 |      0 |   1 |   92.0 |
         Sewer |    719 |    719 |      0 |     14 |    439 |   1 |  719.0 |
               +--------+--------+--------+--------+--------+-----+--------+

Top non-repeatable levels by time:
     D:5: 1303 daAuts
     D:3: 1193 daAuts
     D:6: 1099 daAuts
     D:1: 1058 daAuts
     D:2: 959 daAuts
   Sewer: 719 daAuts
     D:4: 689 daAuts
     D:7: 613 daAuts
  Temple: 92 daAuts
